 Dungeon Crawl Stone Soup version 0.31-a0-1009-g454b1f1e0a (webtiles) character file.

Game seed: 1455631873757570491

69 kae the Vexing (level 4, 0/30 HPs)
             Began as a Demonspawn Enchanter on Nov 14, 2023.
             Hit by a goblin thrown by Robin (1 damage)
             ... on level 2 of the Dungeon.
             The game lasted 00:01:00 (920 turns).

kae the Vexing (Demonspawn Enchanter)                Turns: 920, Time: 00:01:01

Health: 0/30       AC:  3    Str: 10    XL:     4   Next: 2%
Magic:  7/7        EV: 14    Int: 17    God:
Gold:   51         SH:  0    Dex: 13    Spells: 2/7 levels left

rFire   . . .        a - +1 dagger
rCold   . . .        (no shield)
rNeg    . . .        b - +0 robe
rPois   .            (no helmet)
rElec   .            (no cloak)
rCorr   .            i - +0 pair of gloves
SInv    .            (no boots)
Will    +....        (no amulet)
Stlth   ++           (no ring)
HPRegen 0.25/turn    (no ring)
MPRegen 0.10/turn

%: no passive effects
@: enlightened, flying, invisible
A: repulsion field 1, demonic guardian 1, demonic magic 1
a: no special abilities


You were on level 2 of the Dungeon.
You visited 1 branch of the dungeon, and saw 2 of its levels.

You collected 51 gold pieces.


Innate Abilities, Weirdness & Mutations

You are surrounded by a mild repulsion field. (EV +2)
A weak demonic guardian rushes to your aid.
Spells you cast may paralyse adjacent enemies.


   Skills:
 * Level 2.1 Short Blades
 - Level 1.7 Dodging
 + Level 3.0 Stealth
 + Level 2.3 Spellcasting
 * Level 3.8 Hexes


You had 2 spell levels left.
You knew the following spells:

 Your Spells              Type           Power      Damage    Failure   Level
a - Ensorcelled Hibernat  Hex/Ice        16%        N/A       13%         2
b - Confusing Touch       Hex            14%        N/A       12%         3

Your spell library contained the following spells:

 Spells                   Type           Power      Damage    Failure   Level
 Sublimation of Blood     Necr           1%         N/A       28%         2
 Tukima's Dance           Hex            14%        N/A       12%         3
 Dazzling Flash           Conj/Hex       16%        N/A       26%         3
 Petrify                  Tmut/Erth      1%         N/A       88%         4
 Irradiate                Conj/Tmut      0%         3d11      99%         5

Inventory:

Hand Weapons
 a - a +1 dagger (weapon)
Missiles
 e - 6 poisoned darts
Armour
 b - a +0 robe (worn)
 i - a +0 pair of gloves (worn)
   (You found it on level 2 of the Dungeon)
Potions
 c - a potion of invisibility
 h - a potion of might

Dungeon Overview and Level Annotations

Branches:
Dungeon (2/15) Zot: 11086

Altars:

Shops:
D:2 (

Annotations:
D:2 Robin

*****,,* #.##..#####.,* *
*,,* #######.##......^.**
*,,**#####...##.#######*
*,,,*####..)..#.####*** ***
*,*.##.....(....####,,* ,,*
*,*........∩.††#####,,*
*,***,*....#.....5.#####,**
*,,*,,,.##.##..5gg####l.,*
**,*,,***#..##.)@####..#,*
,,,,,,* ##.####g####...,*
,,**,,* ##...##gg.....#**
*,,,*,***####..gg#####.#
***,,,,,*######..###...#
*,,,,,,,..........#.###
*,**,,,,###....##.#.###
**,,,,,,,....##.##.#.###
,,,,,**,,,,..,#.**,,,*


You could see Robin (unable to see you), a hobgoblin (strong, unable to see
you), 5 goblins, a friendly iron imp (summoned) and a friendly white imp
(summoned).


Message History

You have reached level 4!
You feel clever.
Your demonic ancestry asserts itself...
A menacing aura infuses your magic. 😕 HP[+5] MP[+1]
You now have 30 max hp (+6).
You regained 5 hp, and now have 25/30 hp.
Your mp is fully restored (7).
You hit the goblin but do no damage. Robin throws the goblin at you!
The goblin hits you with a +0 club. 😕 HP[-1]
You take 1 damage, and now have 24/30 hp.
You closely miss the goblin. The goblin hits you but does no damage.
The goblin hits you with a +0 dagger. The goblin closely misses you.
You are too injured to fight recklessly! 😮 HP[-3]
You take 3 damage, and now have 21/30 hp.
You closely miss the goblin. The goblin hits you but does no damage.
The goblin hits you with a +0 dagger. Robin throws the goblin at you!
The goblin barely misses you. The goblin closely misses you. 😮 HP[-2]
You take 2 damage, and now have 19/30 hp.
You are too injured to fight recklessly!
You are too injured to fight recklessly!
Unknown command.
You are too injured to fight recklessly!
You are too injured to fight recklessly!
You hit the goblin. The goblin hits you but does no damage.
A goblin comes into view. It is wielding a +0 club.
The goblin closely misses you. The goblin barely misses you.
The goblin hits you but does no damage.
You are too injured to fight recklessly!
You are too injured to fight recklessly!
You barely miss the goblin.
The goblin shouts!
The goblin closely misses you. The goblin hits you with a +0 dagger.
Robin roars a battlecry!
The goblins go into a battle-frenzy!
The goblin closely misses you. The goblin hits you with a +0 dagger.
You hear a shout! 😮 HP[-3]
You take 3 damage, and now have 16/30 hp.
Unknown command.
You barely miss the goblin. The goblin barely misses you.
The goblin hits you with a +0 dagger.
* * * LOW HITPOINT WARNING * * *
The goblin barely misses you.
The goblin hits you but does no damage. 😨 HP[-2]
You take 2 damage, and now have 14/30 hp.
You closely miss the goblin. The goblin hits you but does no damage.
The goblin hits you with a +0 dagger.
* * * LOW HITPOINT WARNING * * *
😨 HP[-2]
You take 2 damage, and now have 12/30 hp.
As you read the scroll labelled KAMEFI GU TILE, it crumbles to dust.
You feel aware of your surroundings.
It was a scroll of revelation.
A frilled lizard comes into view.
The goblin hits you with a +0 club.
* * * LOW HITPOINT WARNING * * *
The goblin misses you. The goblin barely misses you.
The goblin hits you but does no damage. 😨 HP[-3]
You take 3 damage, and now have 9/30 hp.
Unknown command.
As you read the scroll labelled HICWEEKHASH, it crumbles to dust.
It is a scroll of identify.
h - a potion of might The goblin hits you but does no damage. x2; The goblin closely misses you.
The goblin barely misses you.
It was a potion of enlightenment.
You feel very buoyant.
You fly up into the air.
The goblin hits you with a +0 club.
* * * LOW HITPOINT WARNING * * *
A demonic guardian appears!
The goblin hits you with a +0 dagger.
* * * LOW HITPOINT WARNING * * *
The goblin misses you. The goblin hits you with a +0 dagger.
* * * LOW HITPOINT WARNING * * *
😱 HP[-6]
You take 6 damage, and now have 3/30 hp.
You fade into invisibility!
The goblin barely misses you. The goblin misses you. x2
The goblin hits you with a +0 dagger.
* * * LOW HITPOINT WARNING * * *
A demonic guardian appears!
Unknown command.
You are too injured to fight recklessly!
You are too injured to fight recklessly!
You closely miss the goblin. The goblin hits you with a +0 club.
* * * LOW HITPOINT WARNING * * *
The goblin hits your white imp with a +0 dagger.
Your iron imp hits the goblin!
The goblin dies!
The goblin barely misses you. 😱 HP[-2]
You take 2 damage, and now have 1/30 hp.
You closely miss the goblin. The goblin closely misses you.
Your white imp hits the goblin.
The goblin dies!
Robin throws the goblin out of sight!
You die...
Robin lets out a smug laugh.

Skill      XL: |  1  2  3 |
---------------+----------+-----
Short Blades   | 1 2 |  2.1
Stealth        | 3 |  3.0
Dodging        | |  1.7
Spellcasting   | |  2.3
Hexes          | |  3.8

Action                     |  1- 3 |  4- 6 || total
---------------------------+-------+-------++-------
  Melee: Dagger            |    90 |     9 ||    99
         Punch             |     1 |       ||     1
   Cast: Ensorcelled Hiber |     6 |       ||     6
    Use: Scroll            |       |     2 ||     2
         Potion            |       |     2 ||     2
   Stab: Sleeping          |     6 |       ||     6
         Distracted        |     1 |       ||     1
 Armour: Robe              |    55 |    24 ||    79
  Dodge: Dodged            |    58 |    19 ||    77

Levels and vault maps discovered:
D:1:      scummos_arrival_gate, layout_rooms
D:2:      layout_rooms, serial_shops, nicolae_shop_bloodbath_and_beyond,
          minmay_rat_gold_closets, uniq_jessica, uniq_robin, uniq_terence

Notes
Turn   | Place    | Note
-------+----------+-------------------------------------------
     0 | D:1      | kae the Demonspawn Enchanter began the quest for the Orb.
     0 | D:1      | Reached XP level 1. HP: 13/13 MP: 3/3
     0 | D:1      | magus.rc [v1.11.3]
    53 | D:1      | Reached skill level 1 in Short Blades
    54 | D:1      | HP: 2/13 [quokka (3)]
   169 | D:1      | Gained mutation: A weak demonic guardian rushes to your
                  | aid. [demonic ancestry]
   169 | D:1      | Reached XP level 2. HP: 11/19 MP: 5/5
   172 | D:1      | Learned a level 2 spell: Ensorcelled Hibernation
   225 | D:1      | You pick up a book of Alchemy and begin reading...
   225 | D:1      | You add the spells Sublimation of Blood, Petrify and
                  | Irradiate to your library.
   585 | D:1      | Gained mutation: You are surrounded by a mild repulsion
                  | field. (EV +2) [demonic ancestry]
   585 | D:1      | Reached XP level 3. HP: 24/24 MP: 6/6
   589 | D:1      | Learned a level 3 spell: Confusing Touch
   731 | D:2      | Noticed Terence
   739 | D:2      | HP: 4/24 [Terence/+0 flail (7)]
   741 | D:2      | Killed Terence
   742 | D:2      | Reached skill level 2 in Short Blades
   742 | D:2      | Reached skill level 3 in Stealth
   831 | D:2      | Found Pushrusu's Weapon Shop.
   897 | D:2      | Noticed Robin
   908 | D:2      | Gained mutation: Spells you cast may paralyse adjacent
                  | enemies. [demonic ancestry]
   908 | D:2      | Reached XP level 4. HP: 25/30 MP: 7/7
   917 | D:2      | HP: 7/30 [goblin/+0 club[Robin] (2)]
   917 | D:2      | HP: 3/30 [goblin/+0 dagger[Robin] (3)]
   919 | D:2      | HP: 1/30 [goblin/+0 club[Robin] (2)]
   920 | D:2      | Hit by a goblin thrown by Robin

Vanquished Creatures
  Terence (D:2)
  A gnoll (D:1)
  An adder (D:2)
  A bat (D:1)
  An endoplasm (D:2)
  A giant cockroach (D:1)
  3 goblins
  3 hobgoblins (D:1)
  3 jackals (D:1)
  A quokka (D:1)
  A ball python (D:1)
  4 rats
21 creatures vanquished.

Vanquished Creatures (collateral kills)
  A ball python (D:1)
  2 goblins (D:2)
  A bat (D:1)
4 creatures vanquished.

Grand Total: 25 creatures vanquished

Table legend:
 A = Non-vault XP
 B = Vault XP
 C = Vault XP percentage of total XP
 D = Non-vault monster count
 E = Vault monster count
 F = Vault count percentage of total count
                 A         B        C        D         E       F
            +---------+---------+-------+---------+---------+-------
      Total |      57 |      44 |  43.6 |      20 |       5 |  20.0
            +---------+---------+-------+---------+---------+-------
        D:1 |      41 |       0 |   0.0 |      17 |       0 |   0.0
        D:2 |      16 |      44 |  73.3 |       3 |       5 |  62.5
            +---------+---------+-------+---------+---------+-------

Skill      XL: |  1  2  3 |
---------------+----------+-----
Short Blades   | 1 2 |  2.1
Stealth        | 3 |  3.0
Dodging        | |  1.7
Spellcasting   | |  2.3
Hexes          | |  3.8

Action                     |  1- 3 |  4- 6 || total
---------------------------+-------+-------++-------
  Melee: Dagger            |    90 |     9 ||    99
         Punch             |     1 |       ||     1
   Cast: Ensorcelled Hiber |     6 |       ||     6
    Use: Scroll            |       |     2 ||     2
         Potion            |       |     2 ||     2
   Stab: Sleeping          |     6 |       ||     6
         Distracted        |     1 |       ||     1
 Armour: Robe              |    55 |    24 ||    79
  Dodge: Dodged            |    58 |    19 ||    77

Illustrated notes

Table legend:
 A = Kills in this place as a percentage of kills in the entire game.
 B = Kills by you in this place as a percentage of kills by you in the entire game.
 C = Kills by friends in this place as a percentage of kills by friends in the entire game.
 D = Other kills in this place as a percentage of other kills in the entire game.
 E = Experience gained in this place as a percentage of experience gained in the entire game.
 F = Experience gained in this place divided by the number of levels of this place that you have seen.
                   A       B       C       D       E      F
               +-------+-------+-------+-------+-------+----------------------
         Total | 100.0 | 100.0 | 100.0 |   N/A | 100.0 |  50.5
       Dungeon | 100.0 | 100.0 | 100.0 |   N/A | 100.0 |  50.5
               +-------+-------+-------+-------+-------+----------------------

Table legend: (Time is in decaauts)
 A = Elapsed time spent in this place.
 B = Non-inter-level travel time spent in this place.
 C = Inter-level travel time spent in this place.
 D = Time resting spent in this place.
 E = Time spent auto-exploring this place.
 F = Levels seen in this place.
 G = Mean time per level.
                   A        B        C        D        E       F      G
               +--------+--------+--------+--------+--------+-----+--------+
         Total |    912 |    896 |     16 |     25 |    666 |   2 |  456.0 |
       Dungeon |    912 |    896 |     16 |     25 |    666 |   2 |  456.0 |
               +--------+--------+--------+--------+--------+-----+--------+

Top non-repeatable levels by time:
     D:1: 726 daAuts
     D:2: 185 daAuts
